 Dungeon Crawl Stone Soup version 0.29.1-2-gbd0b4ee654 (webtiles) character file.

Game seed: 15249859451323190758

0 Descartes the Grasshopper (level 1, 0/10 HPs)
             Began as a Spriggan Wanderer on Nov 16, 2022.
             Frozen to death by an endoplasm (5 damage)
             ... on level 1 of the Dungeon.
             The game lasted 00:00:50 (92 turns).

Descartes the Grasshopper (Spriggan Wanderer)         Turns: 92, Time: 00:00:51

Health: 0/10       AC:  2    Str:  5    XL:     1   Next: 8%
Magic:  5/5        EV: 16    Int: 14    God:
Gold:   0          SH:  0    Dex: 16    Spells: 4/5 levels left

rFire   . . .      SeeInvis +   c - +0 dagger
rCold   . . .      Faith    .   (no shield)
rNeg    . . .      Spirit   .   e - +0 robe
rPois   .          Reflect  .   (helmet restricted)
rElec   .          Harm     .   (no cloak)
rCorr   .          Rampage  .   (gloves unavailable)
Will    .....                   (boots unavailable)
Stlth   +.........              (no amulet)
HPRegen 0.03/turn               (no ring)
MPRegen 0.09/turn               (no ring)

@: very quick
A: very small, no large weapons, unfitting armour, see invisible, speed 3
a: no special abilities


You were on level 1 of the Dungeon.
You visited 1 branch of the dungeon, and saw 1 of its levels.

Inventory:

Hand Weapons
 a - a +0 sling
 c - a +0 dagger (weapon)
Missiles
 b - 11 poisoned darts (quivered)
Armour
 e - a +0 robe (worn)
Scrolls
 d - a scroll of teleportation
 f - a scroll of identify {unknown}


   Skills:
 + Level 1.5 Fighting
 + Level 0.0 Short Blades
 + Level 1.0 Ranged Weapons
 + Level 1.0 Throwing
 + Level 1.4 Dodging
 + Level 0.0 Stealth
 + Level 2.6 Spellcasting
 + Level 0.0 Conjurations
 + Level 4.4 Translocations


You had 4 spell levels left.
You knew the following spells:

 Your Spells              Type           Power      Damage    Failure   Level
a - Apportation           Tloc           28%        N/A       3%          1

Your spell library contained the following spells:

 Spells                   Type           Power      Damage    Failure   Level
 Lesser Beckoning         Tloc           14%        N/A       11%         3
 Teleport Other           Tloc           14%        N/A       11%         3


Dungeon Overview and Level Annotations

Branches:
Dungeon (1/15)

Altars:


Innate Abilities, Weirdness & Mutations

You are very small and have problems with some larger weapons.
You are too small for most types of armour.
You have supernaturally acute eyesight. (SInv)
You cover ground extremely quickly. (Speed+++)


Message History

The endoplasm is almost dead.
A rat comes into view.
You shoot a sling bullet. The sling bullet barely misses the rat.
You shoot a sling bullet.
The sling bullet hits the rat but does no damage.
You shoot a sling bullet.
The sling bullet closely misses the rat.
You shoot a sling bullet. The sling bullet barely misses the rat.
You shoot a sling bullet.
The sling bullet closely misses the rat.
The rat closely misses you.
You shoot a sling bullet. The sling bullet hits the rat.
You kill the rat!
You shoot a sling bullet.
The sling bullet hits the endoplasm but does no damage.
The endoplasm is severely wounded.
You shoot a sling bullet.
The sling bullet barely misses the endoplasm.
The endoplasm misses you.
You shoot a sling bullet.
The sling bullet hits the endoplasm but does no damage.
The endoplasm is severely wounded.
The endoplasm freezes you.
You are frozen.
Ouch! That really hurt!
You are too injured to fight recklessly!
The endoplasm hits you but does no damage.
You are too injured to fight recklessly!
You are too injured to fight recklessly!
You are too injured to fight recklessly!
You are too injured to fight recklessly!
You are now empty-handed.
c - a +0 dagger (weapon)
The endoplasm closely misses you.
You hit the endoplasm.
The endoplasm is almost dead.
The endoplasm freezes you.
You are frozen.
Ouch! That really hurt!
You die...

#.. #.# #.# #.# #.# ##.##
#...## ##....# #############
......# #....J@.....#####
#####.# #.#######..##~≈~##
#.# #.# #.##≈~P~≈##
#.#####.#### ###~≈~.~~≈##
#..........#####≈~P.8.P~≈#
#.#####........#~~.....≈~#.#
#.# #.#######8~.......~8.#
#.# #.######.'.P8.<.8P.+.
#.# #........8~.......~8.#


You could see an endoplasm.

Vanquished Creatures
  A rat (D:1)
1 creature vanquished.

Notes
Turn   | Place    | Note
-------+----------+-------------------------------------------
     0 | D:1      | Descartes the Spriggan Wanderer began the quest for the
                  | Orb.
     0 | D:1      | Descartes set off with the following items: a +0 sling, 11
                  | poisoned darts, a +0 dagger, a scroll of teleportation, a
                  | +0 robe; and the following spell memorised: Apportation;
                  | and the following spells available to memorise: Lesser
                  | Beckoning, Teleport Other.
     0 | D:1      | Reached XP level 1. HP: 10/10 MP: 5/5
    92 | D:1      | Frozen to death by an endoplasm

Illustrated notes

Levels and vault maps discovered:
D:1:      lightli_arrival_statuegarden, layout_loops_ring

Action                   || total
-------------------------++-------
Melee: Dagger            ||     1
 Fire: Sling             ||    10
Armor: Robe              ||     1
Dodge: Dodged            ||     3
